 Dungeon Crawl Stone Soup version 0.28.0 (webtiles) character file.

Game seed: 7143423348823727773

127920 BeingJoeMalik the Fencer (level 16, -2/134 HPs)
             Began as a Demonspawn Abyssal Knight on Feb 12, 2022.
             Was the Champion of Lugonu.
             Shot with an arrow by a naga sharpshooter (16 damage)
             ... led by Vashnia
             ... on level 2 of the Snake Pit.
             The game lasted 01:46:57 (32049 turns).

BeingJoeMalik the Fencer (DsAK)                    Turns: 32049, Time: 01:46:58

Health: -2/134     AC: 15    Str: 20    XL:     16   Next: 47%
Magic:  17/17      EV: 17    Int: 12    God:    Lugonu [******]
Gold:   2755       SH:  9    Dex: 18    Spells: 15/15 levels left

rFire   + + +      SeeInvis +   j - +4 great sword (elec)
rCold   + . .      Faith    .   (shield currently unavailable)
rNeg    . . .      Spirit   .   P - +0 troll leather armour
rPois   +          Reflect  +   (helmet unavailable)
rElec   .          Harm     .   d - scarf {rC+ rF+}
rCorr   .          Rampage  .   A - +2 pair of gloves {Stlth+}
Will    ++...                   E - +2 pair of boots of the Merchant {Dex+4}
Stlth   +++.......              f - amulet of reflection
HPRegen 1.12/turn               h - ring of Nango {rPois Str+2 Slay+4}
MPRegen 0.15/turn               a - ring "Uganut" {rF++ Will+ Dex-3 SInv Stlth+}

@: lethally poisoned (-2 -> -4), studying Crossbows
A: antennae 3, slimy green scales 3, demonic guardian 2, powered by death 1,
augmentation 1, large bone plates 1, mutation resistance 1
a: Renounce Religion, Depart the Abyss, Bend Space, Banish, Corrupt, Enter the
Abyss, Brand Weapon With Distortion


You were on level 2 of the Snake Pit.
You worshipped Lugonu.
Lugonu was exalted by your worship.
You visited 5 branches of the dungeon, and saw 27 of its levels.
You visited the Abyss 1 time.
You also visited: Ice Cave.

You collected 3961 gold pieces.
You spent 1206 gold pieces at shops.

Inventory:

Hand Weapons
 j - a +4 great sword of electrocution (weapon)
 m - a +6 dagger of freezing
 p - a +6 rapier of draining
 r - a +2 scimitar of freezing
 u - the +9 long sword "Koufiure" {vamp, Str+2 Int+4}
   (You found it on level 14 of the Dungeon)

   It occasionally heals its wielder for a portion of the damage dealt when it
   wounds a living foe.
   Str:       It affects your strength (+2).
   Int:       It affects your intelligence (+4).
 w - a +4 scimitar of flaming
Missiles
 x - 35 poisoned darts (quivered)
 C - 2 throwing nets
 J - 8 javelins
 Q - a boomerang of dispersal
Armour
 d - a scarf of resistance (worn)
 z - a +0 buckler
 A - a +2 pair of gloves of stealth (worn)
 E - the +2 pair of boots of the Merchant (worn) {Dex+4}
   (You found it on level 14 of the Dungeon)

   Dex:       It affects your dexterity (+4).
 G - the +3 robe of Clouds {*Thunder rCloud rElec}
   (You found it on level 10 of the Dungeon)

   It occasionally creates storm clouds above nearby enemies.
   It grants its wearer immunity to clouds.
   rElec:     It insulates you from electricity.
 P - a +0 troll leather armour (worn)
Jewellery
 a - the ring "Uganut" (right hand) {rF++ Will+ Dex-3 SInv Stlth+}
   (You found it on level 6 of the Lair of Beasts)

   [ring of willpower]

   Dex:       It affects your dexterity (-3).
   rF:        It greatly protects you from fire.
   SInv:      It lets you see invisible.
   Will:      It increases your willpower.
   Stlth:     It makes you more stealthy.
 f - an amulet of reflection (around neck)
 h - the ring of Nango (left hand) {rPois Str+2 Slay+4}
   (You took it off a hobgoblin on level 2 of the Dungeon)

   [ring of slaying]

   Str:       It affects your strength (+2).
   Slay:      It affects your accuracy & damage with ranged weapons and melee
   (+4).
   rPois:     It protects you from poison.
 B - a ring of flight
 F - a ring of magical power
 H - a ring of willpower
 I - an amulet of guardian spirit
 O - a ring of resist corrosion
Wands
 k - a wand of paralysis (6)
 l - a wand of polymorph (9)
 D - a wand of flame (13)
 K - a wand of iceblast (1)
 L - a wand of digging (10)
 V - a wand of acid (3)
 Z - a wand of charming (10)
Scrolls
 c - 13 scrolls of teleportation
 e - 7 scrolls of magic mapping
 i - 6 scrolls of enchant weapon
 t - 3 scrolls of blinking
 y - 2 scrolls of enchant armour
 S - 10 scrolls of identify
 T - 3 scrolls of fear
 W - 7 scrolls of fog
Potions
 b - 5 potions of might
 g - a potion of resistance
 n - a potion of cancellation
 o - 4 potions of brilliance
 q - 11 potions of curing
 s - a potion of haste
 v - a potion of heal wounds
 N - 2 potions of magic
 R - 2 potions of flight
 U - 2 potions of berserk rage
 X - a potion of mutation
 Y - 2 potions of invisibility


   Skills:
 + Level 14.9 Fighting
 - Level 6.5(14.6) Short Blades
 + Level 20.1(20.4) Long Blades
 - Level 7.1 Armour
 - Level 9.5 Dodging
 - Level 3.0 Shields
 - Level 2.4 Invocations


You had 15 spell levels left.
You didn't know any spells.
Your spell library contained the following spells:

 Spells                   Type           Power      Damage    Failure   Level
 Foxfire                  Conj/Fire      0%         2x1d4     36%         1
 Magic Dart               Conj           0%         1d3       36%         1
 Blink                    Tloc           0%         N/A       50%         2
 Corpse Rot               Necr/Air       0%         N/A       50%         2
 Ensorcelled Hibernation  Hex/Ice        0%         N/A       50%         2
 Passwall                 Tmut/Erth      0%         N/A       50%         2
 Poisonous Vapours        Pois/Air       0%         N/A       50%         2
 Searing Ray              Conj           0%         2d4       50%         2
 Conjure Flame            Conj/Fire      0%         6-21      75%         3
 Gell's Gravitas          Tloc           0%         N/A       75%         3
 Inner Flame              Hex/Fire       0%         N/A       75%         3
 Lesser Beckoning         Tloc           0%         N/A       75%         3
 Swiftness                Air            0%         N/A       75%         3
 Teleport Other           Tloc           0%         N/A       75%         3
 Animate Armour           Summ/Erth      0%         N/A       98%         4
 Animate Dead             Necr           0%         N/A       98%         4
 Cause Fear               Hex            0%         N/A       98%         4
 Dispel Undead            Necr           0%         3d6       98%         4
 Flame Wave               Conj/Fire      0%         2d4       98%         4
 Fulminant Prism          Conj/Hex       0%         3d6       98%         4
 Hailstorm                Conj/Ice       0%         3d3       98%         4
 Leda's Liquefaction      Hex/Erth       0%         N/A       98%         4
 Petrify                  Tmut/Erth      0%         N/A       98%         4
 Summon Ice Beast         Ice/Summ       0%         N/A       98%         4
 Borgnjor's Vile Clutch   Necr/Erth      0%         N/A       100%        5
 Lee's Rapid Deconstruct  Erth           0%         3d5*      100%        5
 Manifold Assault         Tloc           0%         N/A       100%        5
 Metabolic Englaciation   Hex/Ice        0%         N/A       100%        5
 Summon Forest            Summ/Tloc      0%         N/A       100%        5
 Summon Mana Viper        Hex/Summ       0%         N/A       100%        5
 Death Channel            Necr           0%         N/A       100%        6
 Dispersal                Tloc           0%         N/A       100%        6
 Statue Form              Tmut/Erth      0%         N/A       100%        6
 Summon Cactus Giant      Summ           0%         N/A       100%        6
 Dragon Form              Tmut           0%         N/A       100%        7
 Storm Form               Tmut/Air       0%         N/A       100%        7
 Dragon's Call            Summ           0%         N/A       100%        9


Dungeon Overview and Level Annotations

Branches:
Dungeon (15/15)            Temple (0/1) D:7            Lair (6/6) D:10
 Shoals (0/4) Lair:4        Snake (2/4) Lair:4        Slime (0/5) Lair:5
    Orc (2/2) D:12            Elf (2/3) Orc:2        Vaults (0/5) D:14
 Depths (0/4) D:15          IceCv (visited)

Altars:
Dithmenos
Elyvilon
Gozag
Hepliaklqana
Kikubaaqudgha
Makhleb
Okawaru
Ru
Sif Muna
Uskayaw
Vehumet
The Shining One
Beogh
Jiyva
Lugonu

Shops:
D:1 [   D:13 !:   D:14 **   Orc:1 ?   Orc:2 *:*[

Portals:
Abyss: D:6
Pandemonium: Orc:2
Trove: Elf:1 (give 15 scrolls of teleportation)

Annotations:
D:4 1 runed translucent door, Crazy Yiuf
D:11 2 transporters, Ekaitz's ghost, journeyman DsFE
D:13 3 runed translucent doors, Vext's ghost, journeyman SpEn; jjjjhere's ghost, journeyman OgCj
D:14 3 runed translucent doors, Kilet's ghost, adept GrEE
Snake:2 Vashnia


Innate Abilities, Weirdness & Mutations

You have a pair of large antennae on your head. (SInv)
You are completely covered in slimy green scales. (AC +4, rPois)
A demonic guardian rushes to your aid.
You regenerate a little health from kills.
Your magical and physical power is slightly enhanced at high health.
You are partially covered in large bone plates. (SH +4)
You are somewhat resistant to further mutation.


Message History

Vashnia gestures wildly while chanting.
Vashnia blinks!
Unknown command.
The naga sharpshooter casts a spell.
The naga sharpshooter magically shoots an arrow.
The arrow hits you!
The naga sharpshooter shoots an arrow.
The arrow completely misses you.
There is a stone staircase leading up, spattered with blood here.
Unknown command.
The naga sharpshooter mumbles some strange words.
The naga sharpshooter magically shoots an arrow.
The arrow hits you!
A demonic guardian appears!
Vashnia mutters, "Right between the eyes..."
Vashnia gestures wildly while chanting.
Vashnia blinks!
Unknown command.
You hit the naga sharpshooter.
The naga sharpshooter is almost dead.
The naga sharpshooter casts a spell.
The naga sharpshooter magically shoots an arrow.
You reflect the arrow off an invisible shield around you!
The naga sharpshooter gestures wildly while chanting.
The naga sharpshooter magically shoots an arrow.
The arrow hits you!
* * * LOW HITPOINT WARNING * * *
The naga sharpshooter casts a spell.
The naga sharpshooter magically shoots an arrow.
The arrow hits you!!
* * * LOW HITPOINT WARNING * * *
The naga sharpshooter spits poison at you.
The splash of poison hits your smoke demon.
Your smoke demon completely resists.
There is a stone staircase leading up, spattered with blood here.
The naga sharpshooter spits poison at you.
The splash of poison hits you but does no damage.
You are poisoned.
You resist.
The naga sharpshooter shoots an arrow.
The arrow barely misses your smoke demon.
The arrow hits you!
You die...

#.ยง......(.{...N.$N.
{
#..N...((##.....(...
#........##...######
#......N.##...#
#.....(.##...#
##....(.######
##..N3.## ##.......#
##.....@..#
#.........#
#.........#
#........##
##......## ##....##
##..## ###


You could see Vashnia (poisoned), 2 naga sharpshooters and a friendly smoke
demon (summoned).

Vanquished Creatures
  A deep elf sorcerer (Elf:1)
  Louise (D:14)
  A deep elf annihilator (Elf:1)
  A fire dragon (Lair:6)
  2 boulder beetles
  Harold (D:6)
  A vault guard (D:14)
  A naga warrior (Snake:1)
  An ogre mage (D:15)
  11 hydras
  A salamander tyrant (Snake:1)
  A demonspawn (Orc:2)
  4 catoblepae
  A dancing weapon (Elf:1)
  An anaconda (Snake:2)
  3 tengu warriors (D:15)
  7 centaur warriors
  6 two-headed ogres
  9 death yaks
  3 naga sharpshooters
  6 orc high priests (Orc:2)
  2 shock serpents (Snake:1)
  Urug (D:11)
  4 deep elf knights
  A shadow wraith (D:15)
  A sixfirhy (Orc:2)
  A skeletal warrior (D:14)
  A swamp dragon (Lair:6)
  2 sea snakes (Snake:2)
  Pikel (D:5)
  9 deep elf pyromancers
  A lindwurm (Lair:6)
  A deep elf archer (Elf:1)
  2 necromancers
  6 orc knights
  A wolf spider (D:14)
  9 deep elf zephyrmancers (Elf:1)
  6 orc sorcerers (Orc:2)
  An oklob plant (Lair:2)
  A mana viper (Snake:2)
  10 manticores
  6 ugly things
  3 salamanders (Snake:1)
  3 cyclopes
  3 elephants (Lair:6)
  8 black mambas
  3 naga magi
  Maurice (D:11)
  2 torpor snails
  Maggie (D:7)
  12 cane toads
  2 kobold demonologists
  An efreet (D:15)
  9 rime drakes
  12 komodo dragons
  3 unseen horrors
  A demonic crawler (D:14)
  5 yaktaurs (D:14)
  2 freezing wraiths
  A tengu conjurer (D:14)
  2 ice devils (Lair:1)
  A red devil (Orc:2)
  A queen bee (shapeshifter) (Elf:1)
  A queen bee (Lair:3)
  5 trolls
  A tyrant leech (D:14)
  A wind drake (Lair:4)
  14 slime creatures
  Grinder (D:5)
  4 polar bears
  2 hornets
  8 blink frogs
  A tarantella (shapeshifter) (D:15)
  12 dream sheep
  Sigmund (D:4)
  A shadow (D:11)
  A vampire (D:11)
  A centaur simulacrum (D:14)
  2 air elementals (Elf:1)
  Eustachio (D:5)
  46 yaks
  4 wyverns
  A fire elemental (Elf:2)
  5 steam dragons
  2 chaos spawn (Orc:2)
  10 humans (D:14)
  A death yak simulacrum (IceCv)
  2 basilisks
  5 vampire mosquitoes
  Menkaure (D:4)
  5 nagas
  3 acid dragons
  A naga (shapeshifter) (D:15)
  22 water moccasins
  3 swamp worms (D:14)
  Duvessa (D:4)
  A swamp drake (Lair:6)
  3 sky beasts
  3 black bears
  28 orc warriors
  3 ice beasts (D:6)
  18 wolves
  9 ogres
  24 centaurs
  A phantom (D:6)
  6 kobold brigands
  Blork the orc (D:6)
  11 bullfrogs
  2 earth elementals (Elf:1)
  7 scorpions
  A cane toad simulacrum (IceCv)
  A wyvern skeleton (D:7)
  Dowan (D:4)
  28 killer bees
  2 elephant simulacra (IceCv)
  9 howler monkeys
  6 wights
  6 electric eels (Lair:5)
  4 centaur zombies
  A bullfrog zombie (D:7)
  2 hounds (D:6)
  17 orc priests
  A gnoll shaman (D:8)
  9 jellies
  8 iguanas
  19 orc wizards
  8 hell rats
  5 yak simulacra (D:9)
  A polar bear simulacrum (D:9)
  2 wolf simulacra (D:9)
  A howler monkey zombie (D:6)
  Robin (D:4)
  4 adders
  6 gnolls
  4 white imps
  An ufetubus (D:6)
  2 worms
  2 dart slugs
  61 orcs
  21 endoplasms
  3 giant cockroaches
  13 goblins
  10 hobgoblins
  4 jackals (D:5)
  A quokka (D:2)
  9 ball pythons
  9 bats
  2 frilled lizards (D:1)
  21 kobolds
  7 rats
  3 river rat simulacra (D:9)
808 creatures vanquished.

Vanquished Creatures (collateral kills)
  A boulder beetle (D:14)
  A rime drake (Lair:6)
  A troll (D:12)
  A slime creature (D:11)
  A basilisk (Lair:6)
  An orc priest (D:8)
  An orc (D:7)
  2 kobolds (D:10)
9 creatures vanquished.

Vanquished Creatures (others)
  A human (D:14)
  39 fungi
  104 plants
144 creatures vanquished.

Grand Total: 961 creatures vanquished

Notes
Turn   | Place    | Note
-------+----------+-------------------------------------------
     0 | Abyss:1  | BeingJoeMalik the Demonspawn Abyssal Knight began the quest
                  | for the Orb.
     0 | Abyss:1  | Reached XP level 1. HP: 18/18 MP: 2/2
     5 | D:1      | Escaped the Abyss
   122 | D:1      | Reached skill level 2 in Long Blades
   229 | D:1      | Found Lucir's Armour Boutique.
   237 | D:1      | Gained mutation: You have a pair of small antennae on your
                  | head. [demonic ancestry]
   237 | D:1      | Reached XP level 2. HP: 23/24 MP: 3/3
   311 | D:1      | Found a faded altar of an unknown god.
   311 | D:1      | Noticed a sun demon
   730 | D:1      | Reached skill level 3 in Long Blades
   995 | D:2      | Reached ** piety under Lugonu
  1357 | D:2      | Gained mutation: You regenerate a little health from kills.
                  | [demonic ancestry]
  1357 | D:2      | Reached XP level 3. HP: 21/29 MP: 4/4
  1475 | D:2      | Identified the ring of Nango {rPois Str+2 Slay+4}
  1640 | D:2      | Found an ancient bone altar of Kikubaaqudgha.
  2096 | D:3      | Found a sacrificial altar of Ru.
  2101 | D:3      | Found a burning altar of Makhleb.
  2101 | D:3      | Found an opulent altar of Gozag.
  2214 | D:3      | Gained mutation: You are partially covered in slimy green
                  | scales. (AC +2) [demonic ancestry]
  2214 | D:3      | Reached XP level 4. HP: 26/35 MP: 5/5
  2305 | D:3      | Reached skill level 4 in Long Blades
  2685 | D:4      | Found a hazy altar of Hepliaklqana.
  2713 | D:4      | Noticed an ogre
  2747 | D:4      | Killed an ogre
  2748 | D:4      | Reached skill level 5 in Long Blades
  2748 | D:4      | Gained mutation: You are mostly covered in slimy green
                  | scales. (AC +3) [demonic ancestry]
  2748 | D:4      | Reached XP level 5. HP: 27/41 MP: 6/6
  2875 | D:4      | Noticed Sigmund
  2884 | D:5      | Entered Level 5 of the Dungeon
  2964 | D:5      | Noticed Grinder
  3241 | D:5      | Gained mutation: You have a pair of antennae on your head.
                  | [demonic ancestry]
  3241 | D:5      | Reached XP level 6. HP: 14/47 MP: 7/7
  3498 | D:5      | Identified a scroll of acquirement
  3498 | D:5      | Acquired 1312 gold pieces
  3544 | D:5      | Reached skill level 6 in Long Blades
  3551 | D:5      | Paralysed by Grinder for 2 turns
  3585 | D:5      | Killed Grinder
  3586 | D:5      | Reached skill level 7 in Long Blades
  3586 | D:5      | Gained mutation: A weak demonic guardian rushes to your
                  | aid. [demonic ancestry]
  3586 | D:5      | Reached XP level 7. HP: 8/52 MP: 8/8
  3850 | D:5      | Reached *** piety under Lugonu
  3966 | D:5      | Noticed Pikel
  4067 | D:5      | Killed Pikel
  4068 | D:5      | Reached skill level 9 in Long Blades
  4068 | D:5      | Reached XP level 8. HP: 15/58 MP: 9/9
  4350 | D:5      | Found a shimmering blue altar of Sif Muna.
  4455 | D:4      | Found a runed translucent door.
  4456 | D:4      | Noticed Crazy Yiuf
  4546 | D:4      | Noticed Duvessa
  4550 | D:3      | Acquired a +4 great sword of electrocution
  4621 | D:4      | Noticed Robin
  4646 | D:4      | Killed Robin
  4676 | D:4      | Noticed Dowan
  4705 | D:4      | Killed Sigmund
  4968 | D:6      | Noticed Eustachio
  4970 | D:6      | Noticed Blork the orc
  4979 | D:5      | Killed Eustachio
  4980 | D:5      | Reached skill level 10 in Long Blades
  5323 | D:6      | Gained mutation: You have a pair of large antennae on your
                  | head. (SInv) [demonic ancestry]
  5323 | D:6      | Reached XP level 9. HP: 59/63 MP: 10/10
  5572 | D:4      | Noticed Menkaure
  5581 | D:4      | Killed Menkaure
  5582 | D:4      | Reached skill level 11 in Long Blades
  5697 | D:4      | Killed Dowan
  5709 | D:4      | Killed Duvessa
  6551 | D:6      | Reached skill level 1 in Dodging
  6553 | D:6      | Got Advanced Steps in Hermeneutics
  6684 | D:6      | Killed Blork the orc
  6764 | D:6      | Reached skill level 12 in Long Blades
  6962 | D:6      | Found a one-way gate to the infinite horrors of the Abyss.
  7061 | D:6      | Found a large runed translucent door.
  7062 | D:6      | Found a large runed translucent door.
  7062 | D:6      | Found a corrupted altar of Lugonu.
  7316 | D:6      | Reached **** piety under Lugonu
  7591 | D:6      | Found a hide-covered altar of Uskayaw.
  7918 | D:7      | Noticed Maggie
  7934 | D:7      | Killed Maggie
  8319 | D:1      | Bought a +1 chain mail of cold resistance for 231 gold
                  | pieces
  8501 | D:7      | Found a staircase to the Ecumenical Temple.
  8667 | D:6      | Reached XP level 10. HP: 65/71 MP: 11/11
  8686 | D:7      | Noticed Harold
  8740 | D:6      | Killed Harold
  8741 | D:6      | Reached skill level 13 in Long Blades
  9255 | D:7      | Reached skill level 1 in Short Blades
  9259 | D:7      | Reached ***** piety under Lugonu
 10102 | D:8      | Reached skill level 5 in Short Blades
 10391 | D:8      | Noticed a four-headed hydra
 10424 | D:8      | Killed a four-headed hydra
 10910 | D:9      | Found an iron altar of Okawaru.
 10924 | D:9      | Noticed a purple ugly thing
 10937 | D:9      | Killed a purple ugly thing
 10938 | D:9      | Gained mutation: You are completely covered in slimy green
                  | scales. (AC +4, rPois) [demonic ancestry]
 10938 | D:9      | Reached XP level 11. HP: 63/78 MP: 12/12
 11878 | D:9      | Noticed a necromancer
 11887 | D:9      | Killed a necromancer
 11888 | D:9      | Reached skill level 5 in Fighting
 12194 | D:10     | Entered Level 10 of the Dungeon
 12314 | D:10     | Noticed a centaur warrior
 12323 | D:10     | Killed a centaur warrior
 12405 | D:10     | Found the +3 robe of Clouds {*Thunder rCloud rElec}
 12742 | D:10     | Reached skill level 14 in Long Blades
 12761 | D:10     | Found a staircase to the Lair.
 12878 | D:10     | Found a shadowy altar of Dithmenos.
 13147 | D:11     | Noticed a two-headed ogre
 13461 | D:11     | Killed a two-headed ogre
 14040 | D:11     | Noticed Ekaitz's ghost (journeyman DsFE)
 14049 | D:11     | Found a transporter.
 14054 | D:11     | Found a transporter.
 14392 | D:12     | Noticed Urug
 14392 | D:12     | Noticed a deep elf pyromancer
 14408 | D:11     | Killed Urug
 14443 | D:11     | Reached XP level 12. HP: 78/89 MP: 13/13
 14474 | D:12     | Noticed Maurice
 14492 | D:11     | Killed Maurice
 14712 | D:11     | Reached skill level 15 in Long Blades
 14714 | D:11     | Reached ****** piety under Lugonu
 15431 | D:12     | Reached skill level 5 in Armour
 15955 | D:12     | Found a staircase to the Orcish Mines.
 16497 | Orc:1    | Entered Level 1 of the Orcish Mines
 16573 | Orc:1    | Noticed a two-headed ogre
 16581 | Orc:1    | Killed a two-headed ogre
 16807 | Orc:1    | Found Xauteosm's Magic Scroll Shoppe.
 16909 | Orc:2    | Entered Level 2 of the Orcish Mines
 17000 | Orc:2    | Found a staircase to the Elven Halls.
 18057 | Lair:1   | Entered Level 1 of the Lair of Beasts
 18200 | Lair:1   | Found a frozen archway.
 18248 | IceCv    | Entered an ice cave
 18262 | IceCv    | Gained mutation: You sometimes lose the ability to read
                  | scrolls when taking damage. [potion of mutation]
 18262 | IceCv    | Gained mutation: You are strong-willed. (Will+) [potion of
                  | mutation]
 18262 | IceCv    | Gained mutation: Your mind is acute. (Int +2) [potion of
                  | mutation]
 18265 | IceCv    | Found a transporter.
 18296 | IceCv    | Found a transporter.
 18462 | Lair:1   | Lost mutation: You sometimes lose the ability to read
                  | scrolls when taking damage. [potion of mutation]
 18462 | Lair:1   | Lost mutation: Your mind is acute. (Int +2) [potion of
                  | mutation]
 18462 | Lair:1   | Lost mutation: You are strong-willed. (Will+) [potion of
                  | mutation]
 18462 | Lair:1   | Gained mutation: You are partially covered in large bone
                  | plates. (SH +4) [potion of mutation]
 18462 | Lair:1   | Gained mutation: You are somewhat resistant to further
                  | mutation. [potion of mutation]
 18644 | Lair:1   | Reached XP level 13. HP: 96/101 MP: 14/14
 18876 | Lair:1   | Reached skill level 5 in Dodging
 19089 | Lair:2   | Reached skill level 16 in Long Blades
 19793 | D:13     | Found Qarr's Book Shop.
 19961 | D:13     | Reached skill level 10 in Fighting
 20091 | D:13     | Found a runed translucent gate.
 20092 | D:13     | Found a runed translucent gate.
 20093 | D:13     | Found a runed translucent gate.
 20093 | D:13     | Found an ancient bone altar of Kikubaaqudgha.
 20093 | D:13     | Noticed a lich
 20093 | D:13     | Noticed a lich
 20093 | D:13     | Noticed a lich
 20094 | D:13     | Noticed Vext's ghost (journeyman SpEn)
 20095 | D:13     | Noticed jjjjhere's ghost (journeyman OgCj)
 20163 | D:13     | Found Itoekhlaha's Distillery.
 20240 | D:13     | Bought a potion of curing for 45 gold pieces
 20240 | D:13     | Bought a potion of heal wounds for 75 gold pieces
 20240 | D:13     | Bought a potion of might for 60 gold pieces
 20240 | D:13     | Bought 2 potions of curing for 90 gold pieces
 20240 | D:13     | Bought a potion of invisibility for 120 gold pieces
 20240 | D:13     | Bought a potion of might for 60 gold pieces
 20902 | D:14     | HP: 4/104 [yaktaur (15)]
 21169 | D:14     | Noticed Louise
 21486 | Orc:2    | Found Appeapto's General Store.
 21645 | Orc:2    | Found Meodwic's General Store.
 21676 | Orc:2    | Bought 3 scrolls of fog for 96 gold pieces
 21676 | Orc:2    | Bought a scroll of magic mapping for 56 gold pieces
 21678 | Orc:2    | Bought a scroll of blinking for 105 gold pieces
 21678 | Orc:2    | Bought a scroll of fog for 28 gold pieces
 21847 | Orc:2    | Reached skill level 17 in Long Blades
 21920 | Orc:2    | Gained mutation: Your magical and physical power is
                  | slightly enhanced at high health. [demonic ancestry]
 21920 | Orc:2    | Reached XP level 14. HP: 61/113 MP: 15/15
 22026 | Orc:2    | Paralysed by an orc sorcerer for 2 turns
 22128 | Orc:2    | Found Kicvanec's Antique Armour Emporium.
 22128 | Orc:2    | Found Eceuzo's Book Shoppe.
 22129 | Orc:2    | Found a one-way gate leading to the halls of Pandemonium.
 23674 | Lair:4   | Found a staircase to the Snake Pit.
 23893 | Lair:4   | Found a staircase to the Shoals.
 24258 | Lair:5   | Reached skill level 18 in Long Blades
 24852 | Lair:5   | Found a viscous altar of Jiyva.
 24852 | Lair:5   | Found a staircase to the Slime Pits.
 25432 | Lair:6   | Entered Level 6 of the Lair of Beasts
 25466 | Lair:6   | Reached XP level 15. HP: 62/122 MP: 16/16
 26728 | Lair:6   | Identified the ring "Uganut" {rF++ Will+ Dex-3 SInv Stlth+}
 27192 | D:14     | Found Hulypturha's Specific Store.
 27269 | D:14     | Found Kuab's General Store.
 27272 | D:14     | Bought a scroll of teleportation for 45 gold pieces
 27272 | D:14     | Bought a potion of heal wounds for 75 gold pieces
 27272 | D:14     | Bought a potion of magic for 120 gold pieces
 27413 | D:14     | Reached skill level 19 in Long Blades
 27553 | D:14     | Found a gate to the Vaults.
 27625 | D:14     | Identified the +9 long sword "Koufiure" {vamp, Str+2 Int+4}
 27672 | D:14     | Identified the +2 pair of boots of the Merchant {Dex+4}
 27938 | D:14     | Reached skill level 1 in Shields
 27952 | D:14     | Found a runed translucent gate.
 27952 | D:14     | Found a runed translucent gate.
 27956 | D:14     | Found a runed translucent gate.
 27989 | D:14     | Noticed Kilet's ghost (adept GrEE)
 28104 | D:14     | Found a radiant altar of Vehumet.
 28239 | D:14     | Killed Louise
 28423 | D:15     | Entered Level 15 of the Dungeon
 28770 | D:15     | Found a staircase to the Depths.
 28989 | Elf:1    | Entered Level 1 of the Elven Halls
 29009 | Elf:1    | Gained mutation: A demonic guardian rushes to your aid.
                  | [demonic ancestry]
 29009 | Elf:1    | Reached XP level 16. HP: 91/133 MP: 17/17
 29051 | Elf:1    | Found a radiant altar of Vehumet.
 29056 | Elf:1    | Paralysed by an air elemental for 1 turns
 29586 | Elf:1    | Paralysed by an air elemental for 1 turns
 29625 | Elf:1    | Found a portal to a secret trove of treasure.
 30212 | Snake:1  | Entered Level 1 of the Snake Pit
 31598 | Snake:2  | Reached skill level 20 in Long Blades
 31935 | Snake:2  | Noticed Vashnia
 32049 | Snake:2  | Shot with an arrow by a naga sharpshooter

Illustrated notes

Levels and vault maps discovered:
D:1:      evilmike_arrival_plus, layout_loops_ring,
          dreamdust_ecumenical_altar_sealed_demon, serial_shops,
          nicolae_shop_waterfront, serial_glass, glass_columns_a,
          glass_columns_c, minmay_strange_pillars
D:2:      layout_loops_ring, basic_altar
D:3:      layout_basic, grunt_temple_overflow_open, minmay_diced_spiral
D:4:      nicolae_cairo_tiling, layout_basic, nicolae_hepliaklqana_hippocampus,
          chequers_temple_overflow_statue_of_worship, minmay_pentomino_pile,
          uniq_crazy_yiuf_cottage, uniq_duvessa, uniq_menkaure, uniq_robin,
          uniq_sigmund
D:5:      wander_river, layout_basic, lemuel_round_altar, uniq_pikel,
          uniq_grinder
D:6:      due_chaos_kobolds, layout_layer_cave, overflow_temple_1_default,
          minmay_bent, uniq_eustachio, uniq_blork_the_orc
D:7:      layout_rooms, minmay_temple_entry_glass, kennysheep_generic_room_14,
          uniq_maggie, uniq_harold
D:8:      minmay_slanted_spiral_squares, layout_basic
D:9:      nicolae_cairo_tiling_large_dashed, layout_basic,
          okawaru_metal_pillars_3, eino_house_with_fridge
D:10:     layout_roguey, nicolae_dithmenos_the_darkroom,
          grunt_lair_entry_orc_guard_hut, minmay_diamond_spiral
D:11:     layout_loops_ring, gammafunk_ghost_hive, nicolae_wwwww
D:12:     layout_long_grid, david_orc_2, uniq_maurice, uniq_urug
D:13:     layout_basic, serial_shops, shop_fountains,
          nicolae_shop_temple_entry_statues_fountains, gammafunk_ghost_crypt
D:14:     minmay_the_grid_octo_triangle [minmay_the_grid_octo_pinwheel,
          minmay_the_grid_octo_prize_ultimate_mussel_roller,
          minmay_the_grid_octo_empty], layout_cave_pods,
          ximxim_vaults_locker_room, fiery_altar_vehumet,
          gammafunk_ghost_spectres, nicolae_specific_store, worms_lemuel,
          uniq_louise
D:15:     hangedman_slaughterboxes
Lair:1:   layout_misc_corridors, portal_ice_cave_demonic_guard,
          infiniplex_staircase_pool
Lair:2:   lemuel_slime, layout_misc_corridors, beast_lair_carwin_5
Lair:3:   layout_gridlike, special_room [special_room_bee],
          columned_hall_lemuel, nzn_sisyphean_effort
Lair:4:   layout_hall_layers, minmay_shoals_entry_beasts,
          minmay_snake_entry_six_corridors, nicolae_quartered_pool_impasse,
          grunt_megastairs_2
Lair:5:   layout_roguey, slime_altar_1, serial_bayou, serial_bayou_lake_a,
          serial_bayou_shore_b, serial_bayou_shore_b, serial_bayou_crossing,
          serial_bayou_ford_a, st_stairs_12, gammafunk_lair_bear_cave
Lair:6:   hangedman_lair_in_review, layout_gridlike, guppyfry_lair_end_dragon
Snake:1:  layout_basic, nicolae_snake_salamander_stairs
Snake:2:  layout_gridlike, grunt_megastairs_1, lemuel_fruit_tree,
          serial_bayou_shore_a, uniq_vashnia
Orc:1:    layout_diamond_mine, serial_shops, shop, mines1_david
Orc:2:    pf_orc_diabolical, layout_caves, mines1_david
Elf:1:    eino_elf_arrival_altar, layout_gridlike, enter_trove_0,
          hangedman_elf_represent
Elf:2:    elven_hall_of_blades_hangedman_original [nicolae_blade_tridents],
          layout_loops_ring, gammafunk_ghost_grave, einodemon_crawler_minivault,
          uniq_jorgrun, uniq_donald, uniq_agnes

Skill      XL: |  1  2  3  4  5  6  7  8  9 10 11 12 13 14 15 16 |
---------------+-------------------------------------------------+-----
Long Blades    | 2 3 5 7 9 10 12 13 14 15 17 18 19 20 | 20.1
Dodging        | 1 2 3 4 6 8 9 |  9.5
Armour         | 2 3 4 5 6 7 |  7.1
Fighting       | 4 6 9 11 12 14 | 14.9
Short Blades   | 6 |  6.5
Shields        | 2 3 |  3.0
Invocations    | |  2.4

Action                   |  1- 3 |  4- 6 |  7- 9 | 10-12 | 13-15 | 16-18 || total
-------------------------+-------+-------+-------+-------+-------+-------++-------
Melee: Falchion          |   128 |    95 |   300 |    74 |       |       ||   597
       Punch             |     3 |       |     6 |    16 |    21 |       ||    46
       Unarmed           |       |       |    11 |       |       |       ||    11
       Rapier            |       |       |       |   153 |    87 |       ||   240
       Scimitar          |       |       |       |   594 |  1089 |       ||  1683
       Great sword       |       |       |       |       |   115 |   186 ||   301
       Long sword        |       |       |       |       |   112 |       ||   112
Throw: Dart              |       |       |    10 |     3 |    16 |    10 ||    39
       Throwing net      |       |       |       |     1 |     2 |     1 ||     4
Evoke: Wand              |       |       |     6 |     5 |       |       ||    11
  Use: Scroll            |       |     8 |     1 |    10 |    10 |     1 ||    30
       Potion            |       |     3 |       |     6 |     3 |     2 ||    14
 Stab: Sleeping          |     2 |       |       |       |     3 |     5 ||    10
       Paralysed         |       |       |    17 |     3 |       |       ||    20
       Held in net/web   |       |       |       |     1 |     2 |       ||     3
       Distracted        |       |       |       |     1 |     7 |     2 ||    10
Armor: Leather armour    |    41 |    27 |    62 |       |       |       ||   130
       Skin              |       |       |     3 |       |       |       ||     3
       Chain mail        |       |       |     7 |   164 |       |       ||   171
       Acid dragon scale |       |       |       |   115 |       |       ||   115
       Troll leather arm |       |       |       |    33 |   295 |    40 ||   368
Dodge: Dodged            |    94 |    49 |   115 |   319 |   581 |    76 ||  1234
Block: Other             |       |       |       |   136 |   490 |    56 ||   682
       Reflection        |       |       |       |    16 |    25 |     7 ||    48
